 Dungeon Crawl Stone Soup version 0.23-a0-667-gc184e93 (console) character file.

18 Duffy the Firebug (level 2, 0/19 HPs)
             Began as a Demonspawn Fire Elementalist on Jan 8, 2019.
             Slain by a worm (8 damage)
             ... on level 2 of the Dungeon.
             The game lasted 00:01:00 (1217 turns).

Duffy the Firebug (Demonspawn Fire Elementalist)    Turns: 1217, Time: 00:01:01

Health: 0/19       AC:  2    Str:  8    XL:     2   Next: 48%
Magic:  0/5        EV: 12    Int: 16    God:
Gold:   75         SH:  0    Dex: 13    Spells: 4/5 levels left

rFire    . . .     SeeInvis .   e - +0 club
rCold    . . .     Gourm    .   (no shield)
rNeg     . . .     Faith    .   a - +0 robe
rPois    .         Spirit   .   (no helmet)
rElec    .         Reflect  .   (no cloak)
rCorr    .         Harm     .   (no gloves)
MR       .....                  (no boots)
Stlth    ++........             (no amulet)
HPRegen  0.06/turn              (no ring)
MPRegen  0.09/turn              (no ring)

@: no status effects
A: powered by death 1
a: no special abilities


You were on level 2 of the Dungeon.
You were not hungry.

You visited 1 branch of the dungeon, and saw 2 of its levels.

You collected 75 gold pieces.

Inventory:

Hand Weapons
 e - a +0 club (weapon)
Armour
 a - a +0 robe (worn)
Scrolls
 b - 3 scrolls of identify {unknown}
 d - a scroll of enchant weapon {unknown}
 f - a scroll of fear {unknown}
 g - a scroll of fog {unknown}
 i - a scroll of teleportation {unknown}
 l - a scroll of remove curse {unknown}
Potions
 h - 3 potions of curing {unknown}
 j - a potion of heal wounds {unknown}
 k - a potion of magic {unknown}
Comestibles
 c - 3 rations
 m - 2 chunks of flesh


   Skills:
 - Level 1.7 Dodging
 - Level 1.7 Stealth
 + Level 2.0 Spellcasting
 + Level 2.4 Conjurations
 + Level 2.7 Fire Magic


You had 4 spell levels left.
You knew the following spells:

 Your Spells              Type           Power        Failure   Level  Hunger
h - Flame Tongue          Conj/Fire      #....        7%          1    #......

Your spell library contained the following spells:

 Spells                   Type           Power        Failure   Level  Hunger
 Throw Flame              Conj/Fire      #.....       11%         2    ###....
 Conjure Flame            Conj/Fire      #.......     22%         3    ###....
 Inner Flame              Hex/Fire       #.......     34%         3    ###....
 Sticky Flame             Conj/Fire      #.......     56%         4    #####..
 Fireball                 Conj/Fire      #.........   89%         5    ######.


Dungeon Overview and Level Annotations

Branches:
Dungeon (2/15)

Altars:


Innate Abilities, Weirdness & Mutations

You regenerate a little health from kills.


Message History

You don't have enough magic to cast that spell.
Casting: Flame Tongue (safe; 7% risk of failure)
Confirm with . or Enter, or press ? or * to list all spells.
You don't have enough magic to cast that spell.
Casting: Flame Tongue (safe; 7% risk of failure)
Confirm with . or Enter, or press ? or * to list all spells.
You don't have enough magic to cast that spell.
You hit the worm but do no damage.
The worm is almost dead.
You hit the worm but do no damage.
The worm is almost dead.
The worm bites you.
You barely miss the worm.
The worm is severely wounded.
The worm bites you!
Ouch! That really hurt!
You hit the worm but do no damage.
The worm is severely wounded.
The worm bites you!
You die...

#....#####.#.#....# .
##...#####.#.#....# .#
##.#.#...(...#....#.#
#............#........
####....#.###..$....#....
#.......#.# +............
#...#<....#.#.....##....
..................# ...
#.........#.####.@#
#....######......w#
#....### #######.#
.......# #># #....#.# #.#
####...# #.# # ##### #.#
#.#


You could see a worm.

Vanquished Creatures
  A dart slug (D:1)
  2 giant cockroaches
  2 hobgoblins (D:1)
  2 bats (D:1)
  2 frilled lizards (D:1)
  A goblin (D:1)
  4 kobolds (D:1)
  3 rats (D:1)
17 creatures vanquished.

Notes
Turn   | Place    | Note
-------+----------+-------------------------------------------
     0 | D:1      | Duffy the Demonspawn Fire Elementalist began the quest for
                  | the Orb.
     0 | D:1      | Reached XP level 1. HP: 13/13 MP: 3/3
   271 | D:1      | Gained mutation: You regenerate a little health from kills.
                  | [demonic ancestry]
   271 | D:1      | Reached XP level 2. HP: 7/19 MP: 0/5
  1217 | D:2      | Slain by a worm

Vault maps used:
D:1:      scummos_arrival_simple_fountains, minmay_tripent
D:2:      guppyfry_early_orc_mine, uniq_crazy_yiuf_cottage

Skill      XL: |  1 |
---------------+----+-----
Conjurations   | 2 |  2.4
Dodging        | |  1.7
Stealth        | |  1.7
Spellcasting   | |  2.0
Fire Magic     | |  2.7

Action                   || total
-------------------------++-------
Melee: Club              ||    10
 Cast: Flame Tongue      ||    31
  Eat: Chunk             ||     1
Armor: Robe              ||     3
Dodge: Dodged            ||    15

Table legend:
 A = Non-vault XP
 B = Vault XP
 C = Vault XP percentage of total XP
 D = Non-vault monster count
 E = Vault monster count
 F = Vault count percentage of total count
                 A         B        C        D         E       F
            +---------+---------+-------+---------+---------+-------
      Total |      23 |       3 |  11.5 |      15 |       2 |  11.8
            +---------+---------+-------+---------+---------+-------
        D:1 |      21 |       3 |  12.5 |      14 |       2 |  12.5
        D:2 |       2 |       0 |   0.0 |       1 |       0 |   0.0
            +---------+---------+-------+---------+---------+-------
